 Dungeon Crawl Stone Soup version 0.26-a0-1184-g95e395e029 (webtiles) character file.

Game seed: 7986317947287208482

112 jestyr24 the Conjurer (level 4, -5/25 (35) HPs)
             Began as a Draconian Conjurer on Dec 27, 2020.
             Killed from afar by an orc wizard (8 damage)
             ... with a puff of flame
             ... on level 3 of the Dungeon.
             The game lasted 00:10:10 (2606 turns).

jestyr24 the Conjurer (Draconian Conjurer)          Turns: 2606, Time: 00:10:11

HP:   -5/25 (35)    AC:  5    Str:  9    XL:     4   Next: 64%
MP:   0/8           EV: 12    Int: 19    God:
Gold: 59            SH:  0    Dex: 10    Spells: 5/8 levels left

rFire    . . .     SeeInvis .   e - +4 dagger (holy)
rCold    . . .     Faith    .   (no shield)
rNeg     . . .     Spirit   .   (armour unavailable)
rPois    .         Reflect  .   (helmet restricted)
rElec    .         Harm     .   (no cloak)
rCorr    .         Rampage  .   (no gloves)
Will     .....                  (no boots)
Stlth    ++........             (no amulet)
HPRegen  0.08/turn              (no ring)
MPRegen  0.11/turn              (no ring)

@: very heavily drained
A: unfitting armour, cold-blooded, AC +5
a: no special abilities


You were on level 3 of the Dungeon.
You visited 1 branch of the dungeon, and saw 3 of its levels.

You collected 59 gold pieces.

Inventory:

Hand Weapons
 c - a +0 mace
 e - a +4 dagger of holy wrath (weapon)
 k - a +0 rapier
 o - a +3 dagger of draining
Wands
 m - a wand of random effects (26)
Scrolls
 a - 5 scrolls of identify {unknown}
 f - a scroll of remove curse {unknown}
 g - a scroll of teleportation {unknown}
 i - a scroll of amnesia {unknown}
 n - a scroll of random uselessness {unknown}
Potions
 b - 2 potions of curing {unknown}
 d - a potion of attraction {unknown}
 h - 2 potions of flight {unknown}
 j - 2 potions of berserk rage {unknown}
 l - a potion of cancellation {unknown}


   Skills:
 * Level 1.5 Fighting
 + Level 2.4 Dodging
 + Level 2.8 Stealth
 * Level 2.6 Spellcasting
 + Level 4.5 Conjurations


You had 5 spell levels left.
You knew the following spells:

 Your Spells              Type           Power        Failure   Level
a - Magic Dart            Conj           76%          2%          1
b - Searing Ray           Conj           38%          3%          2

Your spell library contained the following spells:

 Spells                   Type           Power        Failure   Level
 Dazzling Flash           Conj/Hex       22%          19%         3
 Fulminant Prism          Conj/Hex       5%           52%         4
 Iskenderun's Mystic Bla  Conj/Tloc      11%          52%         4


Dungeon Overview and Level Annotations

Branches:
Dungeon (3/15)

Altars:
Cheibriados
Qazlal


Innate Abilities, Weirdness & Mutations

Your plain brown scales are hard. (AC +5)
You cannot fit into any form of body armour.
You are cold-blooded and may be slowed by cold attacks.


Message History

You miss the orc wizard.
The orc wizard is severely wounded.
The orc wizard looks encouraged for a moment.
The orc wizard points at you and mumbles some strange words.
The puff of flame hits you.
Casting: Searing Ray (safe; 3% risk of failure)
Confirm with . or Enter, or press ? or * to list all spells.
Aiming: Magic Dart (safe; 2% risk of failure)
Press: ? - help, Shift-Dir - straight line, f/p - orc wizard
Aim: an orc wizard, wielding a +0 dagger and wearing a +0 robe (severely wounded, fast, 0% to evade)
The magic dart hits the orc wizard but does no damage.
The orc wizard is severely wounded.
The orc wizard points at you and mumbles some strange words.
The magic dart hits you.
* * * LOW HITPOINT WARNING * * *
You hit the orc wizard.
The orc wizard is severely wounded.
The orc wizard points at you and mumbles some strange words.
The puff of flame hits you!
You die...

... #.. #.# #.# #.# #.#
#.########
###############.........
....[.o@........##.#####
##############..........
#.#.###.### #.#.# #.# #
#...###'### #..[..'_'..
#####################.#.#######
#......>..............#.# ### #
#.#####################.#######


You could see an orc wizard (fast).

Vanquished Creatures
  An orc wizard (D:3)
  2 adders
  A worm (D:2)
  A leopard gecko (D:2)
  3 orcs (D:3)
  10 bats
  A giant cockroach (D:2)
  7 goblins
  6 hobgoblins
  6 jackals (D:2)
  7 kobolds
  2 quokkas (D:2)
  2 ball pythons
  6 frilled lizards
  8 rats
63 creatures vanquished.

Notes
Turn   | Place    | Note
-------+----------+-------------------------------------------
     0 | D:1      | jestyr24 the Draconian Conjurer began the quest for the
                  | Orb.
     0 | D:1      | Reached XP level 1. HP: 14/14 MP: 3/3
   462 | D:1      | Reached XP level 2. HP: 19/20 MP: 5/5
  1236 | D:1      | Learned a level 2 spell: Searing Ray
  1270 | D:2      | Reached XP level 3. HP: 27/27 MP: 6/6
  1304 | D:2      | Reached skill level 1 in Fighting
  1985 | D:2      | Found a stormy altar of Qazlal.
  1987 | D:2      | Noticed a fire elemental
  1987 | D:2      | Noticed an air elemental
  1988 | D:2      | Noticed an earth elemental
  1988 | D:2      | Noticed a water elemental
  2045 | D:2      | Reached XP level 4. HP: 35/35 MP: 7/7
  2372 | D:3      | Found a snail-covered altar of Cheibriados.
  2606 | D:3      | Killed from afar by an orc wizard

Illustrated notes

Levels and vault maps discovered:
D:1:      matt_arrival_diagonals, layout_loops_ring
D:2:      layout_loops_cross, serial_rivers, chequers_serial_rivers_marsh,
          chequers_serial_rivers_small_b, chequers_serial_rivers_small_b,
          chequers_serial_rivers_small_b, chequers_serial_rivers_large_a,
          chequers_serial_rivers_micro_c, nicolae_qazlal_style_of_elements
D:3:      layout_basic, lemuel_doored_altar

Skill      XL: |  1  2  3 |
---------------+----------+-----
Stealth        | 2 |  2.8
Dodging        | 2 |  2.4
Fighting       | 1 |  1.5
Spellcasting   | |  2.6
Conjurations   | |  4.5

Action                   |  1- 3 |  4- 6 || total
-------------------------+-------+-------++-------
Melee: Club              |    12 |       ||    12
       Mace              |    19 |       ||    19
       Tailslap          |     4 |       ||     4
       Dagger            |    94 |    38 ||   132
 Cast: Magic Dart        |     6 |     1 ||     7
       Searing Ray       |     5 |     2 ||     7
 Stab: Sleeping          |     9 |     2 ||    11
Armor: Skin              |    67 |    15 ||    82
Dodge: Dodged            |   114 |    21 ||   135

Table legend: (Time is in decaauts)
 A = Elapsed time spent in this place.
 B = Non-inter-level travel time spent in this place.
 C = Inter-level travel time spent in this place.
 D = Time resting spent in this place.
 E = Time spent auto-exploring this place.
 F = Levels seen in this place.
 G = Mean time per level.
                   A        B        C        D        E       F      G
               +--------+--------+--------+--------+--------+-----+--------+
         Total |   2629 |   2549 |     80 |    842 |    976 |   3 |  876.3 |
       Dungeon |   2629 |   2549 |     80 |    842 |    976 |   3 |  876.3 |
               +--------+--------+--------+--------+--------+-----+--------+

Top non-repeatable levels by time:
     D:1: 1238 daAuts
     D:2: 1060 daAuts
     D:3: 330 daAuts
